 Dungeon Crawl Stone Soup version 0.27-a0-1228-gfd60fd639a (webtiles) character file.

Game seed: 3133657419385292442

175 avis the Grave Robber (level 5, 0/42 HPs)
             Began as a Deep Dwarf Necromancer on June 8, 2021.
             Killed by divine providence
             ... invoked by an orc priest
              (12 damage)
             ... on level 3 of the Dungeon.
             The game lasted 00:19:36 (3017 turns).

avis the Grave Robber (Deep Dwarf Necromancer)      Turns: 3017, Time: 00:19:36

Health: 0/42       AC:  4    Str: 12    XL:     5   Next: 29%
Magic:  0/9        EV: 12    Int: 16    God:
Gold:   95         SH:  0    Dex: 13    Spells: 5/9 levels left

rFire    . . .     SeeInvis .   a - +0 dagger
rCold    . . .     Faith    .   (no shield)
rNeg     . . .     Spirit   .   o - +0 leather armour
rPois    .         Reflect  .   (no helmet)
rElec    .         Harm     .   (no cloak)
rCorr    .         Rampage  .   p - +0 pair of gloves
Will     .....                  (no boots)
Stlth    ++........             (no amulet)
HPRegen  0.00/turn              (no ring)
MPRegen  0.11/turn              (no ring)

@: no status effects
A: damage resistance, heal wounds, sense surroundings 1, no regeneration
a: Heal Wounds


You were on level 3 of the Dungeon.
You visited 1 branch of the dungeon, and saw 3 of its levels.

You collected 123 gold pieces.
You spent 28 gold pieces at shops.

Inventory:

Hand Weapons
 a - a +0 dagger (weapon)
 b - a +0 hunting sling
 i - a +0 whip
Missiles
 e - 44 stones
 g - 28 sling bullets
 m - 39 bolts
 w - 57 arrows
 y - 8 poisoned darts
Armour
 c - a +0 robe
 f - a +0 scale mail
 o - a +0 leather armour (worn)
 p - a +0 pair of gloves (worn)
 s - a +0 ring mail
 u - a +0 chain mail
Scrolls
 d - a scroll of enchant weapon {unknown}
 k - 3 scrolls of magic mapping {unknown}
 l - 2 scrolls of amnesia {unknown}
 t - a scroll of holy word {unknown}
 x - a scroll of enchant armour {unknown}
Potions
 h - a potion of attraction
 j - a potion of resistance
 n - a potion of brilliance
 q - a potion of heal wounds
 r - a potion of curing {unknown}
 v - a potion of haste {unknown}
 z - a potion of mutation {unknown}


   Skills:
 - Level 2.1 Dodging
 + Level 3.7 Stealth
 + Level 2.8 Spellcasting
 * Level 6.1 Necromancy


You had 5 spell levels left.
You knew the following spells:

 Your Spells              Type           Power      Damage    Failure   Level
a - Pain                  Necr           88%        1d8       1%          1
d - Vampiric Draining     Necr           11%        2d7       6%          3

Your spell library contained the following spells:

 Spells                   Type           Power      Damage    Failure   Level
 Animate Skeleton         Necr           44%        N/A       1%          1
 Animate Dead             Necr           11%        N/A       19%         4
 Agony                    Necr           22%        N/A       47%         5
 Confusing Touch          Hex            2%         N/A       58%         3
 Gell's Gravitas          Tloc           1%         N/A       58%         3
 Petrify                  Tmut/Erth      2%         N/A       94%         4
 Metabolic Englaciation   Hex/Ice        1%         N/A       100%        5
 Yara's Violent Unravell  Hex/Tmut       1%         3d3       100%        5


Dungeon Overview and Level Annotations

Branches:
Dungeon (3/15)

Altars:

Shops:
D:1 *   D:2 [(


Innate Abilities, Weirdness & Mutations

You are resistant to damage.
You can heal yourself by infusing magical energy.
You passively map a small area around you.
You do not regenerate.


Message History

You climb upwards.
There is a stone staircase leading down here.
You start resting.
Magic restored.
You climb downwards.
There is a stone staircase leading up here.
The orc wizard shouts!
The orc wizard casts a spell at you. The magic dart hits you.
The orc priest shouts!
The orc wizard gestures at you while chanting.
The magic dart hits you!
* * * LOW HITPOINT WARNING * * *
The orc shouts!
Casting: Vampiric Draining (dangerous; 6% risk of failure)
Confirm with . or Enter, or press ? or * to list all spells.
Aiming: Vampiric Draining (dangerous; 6% risk of failure)
Press: ? - help, Shift-Dir - straight line, f - orc wizard
Aim: an orc wizard, wielding a +0 dagger and wearing a +2 robe of positive energy You draw life force from the orc wizard.
You feel life coursing into your body. The orc priest barely misses you.
The orc wizard hits you but does no damage.
Casting: Vampiric Draining (dangerous; 6% risk of failure)
Confirm with . or Enter, or press ? or * to list all spells.
Aiming: Vampiric Draining (dangerous; 6% risk of failure)
Press: ? - help, Shift-Dir - straight line, f/p - orc wizard
Aim: an orc wizard, wielding a +0 dagger and wearing a +2 robe of positive energy (moderately wounded)
You draw life force from the orc wizard.
You feel life coursing into your body. The orc priest hits you with a +0 club.
The orc wizard hits you but does no damage.
Casting: Vampiric Draining (dangerous; 6% risk of failure)
Confirm with . or Enter, or press ? or * to list all spells.
Aiming: Vampiric Draining (dangerous; 6% risk of failure)
Press: ? - help, Shift-Dir - straight line, f/p - orc wizard
Aim: an orc wizard, wielding a +0 dagger and wearing a +2 robe of positive energy (heavily wounded)
You draw life force from the orc wizard.
You feel life coursing into your body. The orc wizard closely misses you.
The orc priest invokes the aid of Beogh against you.
Beogh smites you!
You die...

##.###...<.#,* ,,
*,#. #..#.#>##.#,,
* , #. #.........#
,, , ,+ ###.####..#
* , #..# ##.# * , *
, #.## #.# ,**' #.#
#.#* # , * #.###
#.####.#####
#...####oo@........
###......o####.####
#.#####.# o# ,
#.#####.# *.#
#....##)####o###
#..†....#......# ,
#.......#.####.#
#.......#.# #*
##....)##.##....


You could see an orc priest, an orc wizard and an orc.

Vanquished Creatures
  A kobold brigand (D:3)
  4 adders
  2 worms
  3 dart slugs
  4 orcs (D:3)
  3 endoplasms
  7 goblins
  4 hobgoblins
  7 jackals (D:2)
  2 quokkas (D:1)
  5 ball pythons
  4 bats
  3 frilled lizards
  A kobold (D:1)
  3 rats (D:1)
53 creatures vanquished.

Notes
Turn   | Place    | Note
-------+----------+-------------------------------------------
     0 | D:1      | avis the Deep Dwarf Necromancer began the quest for the
                  | Orb.
     0 | D:1      | Reached XP level 1. HP: 15/15 MP: 3/3
   359 | D:1      | Reached XP level 2. HP: 22/22 MP: 1/5
   668 | D:1      | Found Xogagio's General Store.
   674 | D:1      | Reached skill level 5 in Necromancy
   678 | D:1      | Bought a scroll of identify for 28 gold pieces
  1336 | D:2      | Reached XP level 3. HP: 28/28 MP: 2/6
  1535 | D:2      | Learned a level 3 spell: Vampiric Draining
  1665 | D:2      | Found Cabb's Weapon Boutique.
  1705 | D:2      | Found Cuixt's Antique Armour Boutique.
  2368 | D:3      | Reached XP level 4. HP: 33/36 MP: 7/7
  2599 | D:3      | Noticed a kobold brigand
  2690 | D:3      | Killed a kobold brigand
  2691 | D:3      | Reached skill level 6 in Necromancy
  2691 | D:3      | Reached XP level 5. HP: 16/42 MP: 0/9
  3017 | D:3      | Killed from afar by an orc priest

Illustrated notes

Levels and vault maps discovered:
D:1:      minmay_arrival_open_corners, layout_rooms, serial_shops,
          nicolae_shop_crystal, chequers_arboretum, minmay_ruptured
D:2:      layout_loops_cross, serial_shops, shop, shop
D:3:      layout_loops_cross, minmay_pentangle

Skill      XL: |  1  2  3  4 |
---------------+-------------+-----
Spellcasting   | 2 |  2.8
Necromancy     | 5 6 |  6.1
Stealth        | 3 |  3.7
Dodging        | |  2.1

Action                   |  1- 3 |  4- 6 || total
-------------------------+-------+-------++-------
Melee: Dagger            |     8 |    16 ||    24
 Fire: Hunting sling     |    44 |    15 ||    59
 Cast: Pain              |    70 |     2 ||    72
       Vampiric Draining |     1 |    13 ||    14
  Use: Scroll            |     5 |       ||     5
 Stab: Sleeping          |     1 |       ||     1
Armor: Robe              |     3 |       ||     3
       Leather armour    |     5 |     5 ||    10
Dodge: Dodged            |    31 |    17 ||    48

Table legend: (Time is in decaauts)
 A = Elapsed time spent in this place.
 B = Non-inter-level travel time spent in this place.
 C = Inter-level travel time spent in this place.
 D = Time resting spent in this place.
 E = Time spent auto-exploring this place.
 F = Levels seen in this place.
 G = Mean time per level.
                   A        B        C        D        E       F      G
               +--------+--------+--------+--------+--------+-----+--------+
         Total |   3026 |   2839 |    187 |    823 |    994 |   3 | 1008.7 |
       Dungeon |   3026 |   2839 |    187 |    823 |    994 |   3 | 1008.7 |
               +--------+--------+--------+--------+--------+-----+--------+

Top non-repeatable levels by time:
     D:1: 1106 daAuts
     D:3: 961 daAuts
     D:2: 958 daAuts
